WCHLSIM.com - West Coast Hockey League
html PUBLIC "-//W3C//DTD XHTML 1.0 Transitional//EN" "http://www.w3.org/TR/xhtml1/DTD/xhtml1-transitional.dtd"> WCHL - Game 782 - BOISE CARIBOUS vs CALGARY FIREMEN

BOISE CARIBOUS vs CALGARY FIREMEN

Created - 15 mars 2021 at 22:18

Goals
1 2 3 T
BOISE CARIBOUS 0 1 1 2
CALGARY FIREMEN 1 2 0 3
Shots
1 2 3 T
BOISE CARIBOUS 5 13 14 32
CALGARY FIREMEN 11 12 5 28

1st period

1. CALGARY FIREMEN , Brendan Gallagher 35 (Ryan Johansen 41, Oskar Lindblom 22) at 12:17 (PP)

Penalties :
Tom Wilson (BOI) for Hooking (Minor) at 11:31

2nd period

2. CALGARY FIREMEN , Ryan Johansen 17 (Brendan Gallagher 33) at 0:16
3. BOISE CARIBOUS , Carl Soderberg 8 (Tom Wilson 24, Theodor Blueger 8) at 5:57
4. CALGARY FIREMEN , Ryan Johansen 18 (Oskar Lindblom 23, Brendan Gallagher 34) at 12:37

Penalties :
Tom Wilson (BOI) for Hooking (Minor) at 3:50

3rd period

5. BOISE CARIBOUS , Andre Burakovsky 15 (Ivan Barbashev 4, Radek Faksa 17) at 18:51

Penalties :
Zack Smith (BOI) for Roughing (Minor) at 3:22

Goalie Stats

Jake Allen (BOI), 25 saves from 28 shots - (0,893), L, 5-7-5, 58:55 minutes
Antti Raanta (CGY), 30 saves from 32 shots - (0,938), W, 12-8-7, 60:00 minutes

Players Stats for BOISE CARIBOUS

Player Name              G  A  P  +/- PIM S  H  SB GA TA FO     MP     PP MP  PK MP  
------------------------------------------------------------------------------------
Andre Burakovsky         1  0  1   0  0   6  0  0  0  0  0/0    16:36   0:00   0:12 
Brendan Smith            0  0  0   0  0   1  0  1  0  0  0/0    16:45   0:00   1:59 
Carl Soderberg           1  0  1   1  0   6  0  0  0  0  10/18  15:37   0:00   0:00 
Dominik Kubalik          0  0  0  -1  0   3  0  0  0  0  0/0    15:43   0:00   0:00 
Ethan Prow               0  0  0   0  0   0  3  0  0  0  0/0    19:01   0:00   0:34 
Greg Pateryn             0  0  0   0  0   1  1  1  0  0  0/0    19:10   0:00   1:30 
Ivan Barbashev           0  1  1   0  0   1  1  0  0  0  1/1    15:43   0:00   0:00 
John Klingberg           0  0  0   0  0   1  0  2  0  0  0/0    22:44   0:00   0:41 
Kyle Turris              0  0  0  -1  0   1  1  0  0  0  3/16   17:08   0:00   1:25 
Lawson Crouse            0  0  0   1  0   0  4  0  0  0  0/0    15:37   0:00   0:00 
Mario Kempe              0  0  0   0  0   0  0  0  0  0  0/1     7:32   0:00   0:00 
Matt Bartkowski          0  0  0   0  0   0  1  0  0  0  0/0    20:39   0:00   2:11 
Oskar Sundqvist          0  0  0  -1  0   3  2  1  0  0  4/4    18:52   0:00   3:09 
Radek Faksa              0  1  1   0  0   1  1  0  0  0  9/22   18:53   0:00   2:29 
Rasmus Andersson         0  0  0   0  0   0  0  2  0  0  0/0    21:41   0:00   2:33 
Theodor Blueger          0  1  1   0  0   2  1  0  0  0  3/11    9:07   0:00   1:35 
Tom Wilson               0  1  1   1  4   5  2  0  0  0  1/1    16:54   0:00   0:38 
Zack Smith               0  0  0   0  2   1  2  0  0  0  0/0     7:31   0:00   0:00 

Players Stats for CALGARY FIREMEN

Player Name              G  A  P  +/- PIM S  H  SB GA TA FO     MP     PP MP  PK MP  
------------------------------------------------------------------------------------
Adam Henrique            0  0  0   0  0   5  1  0  0  0  12/22  20:40   2:25   0:00 
Anthony Peluso           0  0  0   0  0   0  0  0  0  0  0/0     6:37   0:00   0:00 
Brendan Gallagher        1  2  3   1  0   5  1  0  0  0  0/0    19:29   2:19   0:00 
Brent Seabrook           0  0  0   0  0   0  1  2  0  0  0/0    19:03   0:09   0:00 
Brett Howden             0  0  0   0  0   1  0  0  0  0  4/10    6:37   0:00   0:00 
Chase De Leo             0  0  0   0  0   0  0  0  0  0  0/0     6:37   0:00   0:00 
Darren Raddysh           0  0  0   0  0   0  1  0  0  0  0/0    18:02   0:00   0:00 
Filip Forsberg           0  0  0   0  0   5  1  0  0  0  1/2    20:40   2:25   0:00 
Frans Nielsen            0  0  0  -1  0   1  0  0  0  0  7/13   13:55   0:00   0:00 
Jake McCabe              0  0  0   1  0   0  1  0  0  0  0/0    21:18   2:16   0:00 
Jonathon Merrill         0  0  0  -1  0   1  0  1  0  0  0/0    23:28   2:16   0:00 
Markus Nutivaara         0  0  0   1  0   0  3  0  0  0  0/0    18:21   2:19   0:00 
Oskar Lindblom           0  2  2   1  0   1  0  0  0  0  0/0    18:48   2:19   0:00 
Ryan Johansen            2  1  3   1  0   4  2  0  0  0  19/26  18:48   2:19   0:00 
Sami Vatanen             0  0  0  -1  0   3  1  0  0  0  0/0    19:48   2:28   0:00 
Sonny Milano             0  0  0  -1  0   1  0  0  0  0  0/1    13:55   0:00   0:00 
Viktor Arvidsson         0  0  0   0  0   1  2  0  0  0  0/0    19:59   2:25   0:00 
Yakov Trenin             0  0  0  -1  0   0  2  0  0  0  0/0    13:55   0:00   0:00 

3 Stars

1 - Ryan Johansen (CGY)
2 - Brendan Gallagher (CGY)
3 - Oskar Lindblom (CGY)

Power Play

BOISE CARIBOUS - 0 on 0 Attempt(s) - 0,00%
CALGARY FIREMEN - 1 on 3 Attempt(s) - 33,33%

Penalty Kill

BOISE CARIBOUS - 2 on 3 Attempt(s) - 66,67% - Score 0 goal in Penalty Kill
CALGARY FIREMEN - 0 on 0 Attempt(s) - 0,00% - Score 0 goal in Penalty Kill

Team Stat

BOISE CARIBOUS - Hits : 19 - Faceoff Wins : 31 - Blocked Shots : 7 - Penalty Minutes : 6
CALGARY FIREMEN - Hits : 16 - Faceoff Wins : 43 - Blocked Shots : 3 - Penalty Minutes : 0

Official

Referees : Justin St. Pierre and Francis Charron
Linesman : Kory Nagy and Matt MacPherson

Game Notes

No Game Note

Finance

Level 1 -- Attendance: 6000 (100,00%) -- Ticket Income 870 000 $
Level 2 -- Attendance: 4856 (97,12%) -- Ticket Income 534 160 $
Level 3 -- Attendance: 2942 (98,07%) -- Ticket Income 176 520 $
Level 4 -- Attendance: 5000 (100,00%) -- Ticket Income 295 000 $
Luxury Box -- Attendance: 1000 (100,00%) -- Ticket Income 290 000 $
Game was played at the Larouche Stadium.
Total Attendance: 19798 (98,99%)
Total Ticket Income: 2 165 680 $
Other Expense: 21 657 $
Total Income: 2 144 023 $

BOISE CARIBOUS

5 vs 5 Forward 
   Center                   Left Wing                Right Wing               Time % Phy DF OF 
 1 Carl Soderberg           Lawson Crouse            Tom Wilson               29     0   2  3  
 2 Radek Faksa              Ivan Barbashev           Andre Burakovsky         29     0   2  3  
 3 Kyle Turris              Dominik Kubalik          Oskar Sundqvist          28     0   3  2  
 4 Theodor Blueger          Zack Smith               Mario Kempe              14     0   5  0  

5 vs 5 Defense 
   Defense                  Defense                                           Time % Phy DF OF 
 1 Matt Bartkowski          John Klingberg                                    36     1   2  2  
 2 Ethan Prow               Rasmus Andersson                                  33     1   2  2  
 3 Brendan Smith            Greg Pateryn                                      27     1   3  1  
 4 John Klingberg           Greg Pateryn                                      4      0   3  2  

PowerPlay Forward 
   Center                   Left Wing                Right Wing               Time % Phy DF OF 
 1 Carl Soderberg           Andre Burakovsky         Tom Wilson               55     0   1  4  
 2 Kyle Turris              Lawson Crouse            Ivan Barbashev           45     0   2  3  

PowerPlay Defense
   Defense                  Defense                                           Time % Phy DF OF 
 1 John Klingberg           Dominik Kubalik                                   55     0   1  4  
 2 Ethan Prow               Oskar Sundqvist                                   45     0   2  3  

Penalty Kill 4 Players Forward 
   Center                   Wing                     Time % Phy DF OF 
 1 Radek Faksa              Oskar Sundqvist          55     0   5  0  
 2 Theodor Blueger          Tom Wilson               45     0   5  0  

Penalty Kill 4 Players Defense
   Defense                  Defense                  Time % Phy DF OF 
 1 Rasmus Andersson         Brendan Smith            55     0   5  0  
 2 Greg Pateryn             Matt Bartkowski          45     0   5  0  

Penalty Kill - 3 Players Forward 
   Forward                                           Time % Phy DF OF 
 1 Theodor Blueger                                   55     1   4  0  
 2 Radek Faksa                                       45     1   4  0  

Penalty Kill - 3 Players Defense
   Defense                  Defense                  Time % Phy DF OF 
 1 Greg Pateryn             Matt Bartkowski          55     1   4  0  
 2 Matt Bartkowski          Rasmus Andersson         45     1   4  0  

4 vs 4 Forward 
   Center                   Wing                     Time % Phy DF OF 
 1 Kyle Turris              Dominik Kubalik          55     1   2  2  
 2 Radek Faksa              Andre Burakovsky         45     1   2  2  

4 vs 4 Defense
   Defense                  Defense                  Time % Phy DF OF 
 1 Greg Pateryn             Matt Bartkowski          55     1   2  2  
 2 John Klingberg           Rasmus Andersson         45     1   2  2  

Last Minutes Offensive
   Center                   Left Wing                Right Wing               Defense                  Defense                  
   Radek Faksa              Andre Burakovsky         Tom Wilson               John Klingberg           Rasmus Andersson         

Last Minutes Defensive
   Center                   Left Wing                Right Wing               Defense                  Defense                  
   Radek Faksa              Kyle Turris              Tom Wilson               Greg Pateryn             Rasmus Andersson         

Goaltenders
Starting : Jake Allen               
Backup : Alexandar Georgiev       

Extra Forwards
Normal : Lawson Crouse, Oskar Sundqvist, Ivan Barbashev - PP : Radek Faksa, Lawson Crouse - PK : Kyle Turris
Extra Defensemen
Normal : Matt Bartkowski, Rasmus Andersson, Greg Pateryn - PP : Rasmus Andersson - PK : Brendan Smith, Greg Pateryn
Penalty Shots
Andre Burakovsky, Ivan Barbashev, Dominik Kubalik, Tom Wilson, Mario Kempe
Custom OT Lines Forwards
Tom Wilson, Theodor Blueger, Radek Faksa, Andre Burakovsky, Dominik Kubalik, Mario Kempe, Oskar Sundqvist, Lawson Crouse, Ivan Barbashev, Zack Smith
Custom OT Lines Defensemen
Rasmus Andersson, John Klingberg, Matt Bartkowski, Ethan Prow, Greg Pateryn

Scratches
T.J. Tynan (Healthy)

CALGARY FIREMEN

5 vs 5 Forward 
   Center                   Left Wing                Right Wing               Time % Phy DF OF 
 1 Adam Henrique            Viktor Arvidsson         Filip Forsberg           32     0   1  4  
 2 Ryan Johansen            Oskar Lindblom           Brendan Gallagher        30     0   1  4  
 3 Frans Nielsen            Yakov Trenin             Sonny Milano             25     0   3  2  
 4 Brett Howden             Chase De Leo             Anthony Peluso           13     0   4  1  

5 vs 5 Defense 
   Defense                  Defense                                           Time % Phy DF OF 
 1 Jonathon Merrill         Sami Vatanen                                      32     0   2  3  
 2 Markus Nutivaara         Jake McCabe                                       30     0   3  2  
 3 Darren Raddysh           Brent Seabrook                                    25     0   4  1  
 4 Jake McCabe              Jonathon Merrill                                  13     0   4  1  

PowerPlay Forward 
   Center                   Left Wing                Right Wing               Time % Phy DF OF 
 1 Adam Henrique            Viktor Arvidsson         Filip Forsberg           50     1   0  4  
 2 Ryan Johansen            Oskar Lindblom           Brendan Gallagher        50     1   0  4  

PowerPlay Defense
   Defense                  Defense                                           Time % Phy DF OF 
 1 Markus Nutivaara         Sami Vatanen                                      50     0   1  4  
 2 Jonathon Merrill         Jake McCabe                                       50     0   1  4  

Penalty Kill 4 Players Forward 
   Center                   Wing                     Time % Phy DF OF 
 1 Frans Nielsen            Filip Forsberg           50     0   5  0  
 2 Brett Howden             Brendan Gallagher        50     0   5  0  

Penalty Kill 4 Players Defense
   Defense                  Defense                  Time % Phy DF OF 
 1 Sami Vatanen             Markus Nutivaara         50     0   5  0  
 2 Brent Seabrook           Jonathon Merrill         50     0   5  0  

Penalty Kill - 3 Players Forward 
   Forward                                           Time % Phy DF OF 
 1 Filip Forsberg                                    50     0   5  0  
 2 Brendan Gallagher                                 50     0   5  0  

Penalty Kill - 3 Players Defense
   Defense                  Defense                  Time % Phy DF OF 
 1 Markus Nutivaara         Sami Vatanen             50     0   5  0  
 2 Brent Seabrook           Jonathon Merrill         50     0   5  0  

4 vs 4 Forward 
   Center                   Wing                     Time % Phy DF OF 
 1 Ryan Johansen            Filip Forsberg           50     0   1  4  
 2 Viktor Arvidsson         Brendan Gallagher        50     0   1  4  

4 vs 4 Defense
   Defense                  Defense                  Time % Phy DF OF 
 1 Sami Vatanen             Markus Nutivaara         50     0   2  3  
 2 Brent Seabrook           Jonathon Merrill         50     0   2  3  

Last Minutes Offensive
   Center                   Left Wing                Right Wing               Defense                  Defense                  
   Adam Henrique            Filip Forsberg           Brendan Gallagher        Jonathon Merrill         Sami Vatanen             

Last Minutes Defensive
   Center                   Left Wing                Right Wing               Defense                  Defense                  
   Adam Henrique            Filip Forsberg           Brendan Gallagher        Sami Vatanen             Jonathon Merrill         

Goaltenders
Starting : Antti Raanta             
Backup : Vitek Vanecek            

Extra Forwards
Normal : Viktor Arvidsson, Filip Forsberg, Brendan Gallagher - PP : Viktor Arvidsson, Filip Forsberg - PK : Brendan Gallagher
Extra Defensemen
Normal : Jonathon Merrill, Markus Nutivaara, Brent Seabrook - PP : Markus Nutivaara - PK : Sami Vatanen, Brent Seabrook
Penalty Shots
Viktor Arvidsson, Filip Forsberg, Oskar Lindblom, Brendan Gallagher, Ryan Johansen
Custom OT Lines Forwards
Viktor Arvidsson, Filip Forsberg, Adam Henrique, Brendan Gallagher, Ryan Johansen, Oskar Lindblom, Yakov Trenin, Frans Nielsen, Sonny Milano, Brett Howden
Custom OT Lines Defensemen
Jonathon Merrill, Sami Vatanen, Markus Nutivaara, Jake McCabe, Brent Seabrook

Scratches
Joakim Nygard (Healthy)

% Time on Ice - BOISE CARIBOUS

Lines # - Real PCT - Wanted PCT - Time Play
Normal Forward
1 - 29% - 29% - 15:37
2 - 29% - 29% - 15:43
3 - 29% - 28% - 15:43
4 - 14% - 14% - 7:32
Normal Defense
1 - 34% - 36% - 18:28
2 - 34% - 33% - 18:27
3 - 27% - 27% - 14:46
4 - 5% - 4% - 2:54
PP Forward
1 - 0% - 55%
2 - 0% - 45%
PP Defense
1 - 0% - 55%
2 - 0% - 45%
PK Forward
1 - 67% - 55% - 3:09
2 - 33% - 45% - 1:35
PK Defense
1 - 54% - 55% - 2:33
2 - 46% - 45% - 2:11
PK3 Forward
1 - 0% - 55%
2 - 0% - 45%
PK3 Defense
1 - 0% - 55%
2 - 0% - 45%
44 Forward
1 - 0% - 55%
2 - 0% - 45%
44 Defense
1 - 0% - 55%
2 - 0% - 45%
Last Minute Offensive  - 0:41
Last Minute Defensive  - 0:00
Total
Forward - 60:00
Defense - 60:00

% Time on Ice - CALGARY FIREMEN

Lines # - Real PCT - Wanted PCT - Time Play
Normal Forward
1 - 32% - 32% - 17:34
2 - 30% - 30% - 16:29
3 - 25% - 25% - 13:55
4 - 12% - 13% - 6:37
Normal Defense
1 - 31% - 32% - 16:39
2 - 29% - 30% - 16:02
3 - 33% - 25% - 18:02
4 - 7% - 13% - 3:52
PP Forward
1 - 51% - 50% - 2:25
2 - 49% - 50% - 2:19
PP Defense
1 - 52% - 50% - 2:28
2 - 48% - 50% - 2:16
PK Forward
1 - 0% - 50%
2 - 0% - 50%
PK Defense
1 - 0% - 50%
2 - 0% - 50%
PK3 Forward
1 - 0% - 50%
2 - 0% - 50%
PK3 Defense
1 - 0% - 50%
2 - 0% - 50%
44 Forward
1 - 0% - 50%
2 - 0% - 50%
44 Defense
1 - 0% - 50%
2 - 0% - 50%
Last Minute Offensive  - 0:00
Last Minute Defensive  - 0:41
Total
Forward - 60:00
Defense - 60:00

Play-by-Play

1st period


0:01 of 1st period - Carl Soderberg wins face-off versus Adam Henrique in neutral zone.
0:04 of 1st period - Shot by Tom Wilson.
0:04 of 1st period - Shot Misses the Net.
1:11 of 1st period - Shot by Andre Burakovsky.
1:11 of 1st period - Stopped by Antti Raanta without a rebound.
1:12 of 1st period - Frans Nielsen wins face-off versus Kyle Turris in CALGARY FIREMEN zone.
1:12 of 1st period - Yakov Trenin is hit by Kyle Turris.
1:22 of 1st period - Shot by Sonny Milano.
1:22 of 1st period - Shot Misses the Net.
1:29 of 1st period - Frans Nielsen is hit by Oskar Sundqvist and loses puck.
1:55 of 1st period - Greg Pateryn is hit by Yakov Trenin and loses puck.
2:22 of 1st period - Ivan Barbashev is hit by Yakov Trenin and loses puck.
3:42 of 1st period - Shot by Ryan Johansen.
3:42 of 1st period - Stopped by Jake Allen without a rebound.
3:43 of 1st period - Tom Wilson wins face-off versus Brett Howden in BOISE CARIBOUS zone.
4:00 of 1st period - Shot by Carl Soderberg.
4:00 of 1st period - Stopped by Antti Raanta with a rebound.
4:14 of 1st period - Shot by Brett Howden.
4:14 of 1st period - Shot Misses the Net.
4:16 of 1st period - Shot by Brett Howden.
4:16 of 1st period - Shot Misses the Net.
4:18 of 1st period - Shot by Sami Vatanen.
4:18 of 1st period - Stopped by Jake Allen without a rebound.
4:19 of 1st period - Ryan Johansen wins face-off versus Kyle Turris in BOISE CARIBOUS zone.
5:55 of 1st period - Shot by Andre Burakovsky.
5:55 of 1st period - Shot Misses the Net.
5:57 of 1st period - Shot by Greg Pateryn.
5:57 of 1st period - Stopped by Antti Raanta without a rebound.
5:58 of 1st period - Theodor Blueger wins face-off versus Brett Howden in CALGARY FIREMEN zone.
8:02 of 1st period - Shot by Viktor Arvidsson.
8:02 of 1st period - Shot Blocked by Rasmus Andersson.
8:04 of 1st period - Shot by Filip Forsberg.
8:04 of 1st period - Stopped by Jake Allen without a rebound.
8:05 of 1st period - Brett Howden wins face-off versus Kyle Turris in BOISE CARIBOUS zone.
8:39 of 1st period - Shot by Chase De Leo.
8:39 of 1st period - Shot Misses the Net.
9:21 of 1st period - Shot by Ryan Johansen.
9:21 of 1st period - Stopped by Jake Allen without a rebound.
9:22 of 1st period - Carl Soderberg wins face-off versus Adam Henrique in BOISE CARIBOUS zone.
9:56 of 1st period - Icing by Filip Forsberg.
9:57 of 1st period - Adam Henrique wins face-off versus Radek Faksa in CALGARY FIREMEN zone.
10:32 of 1st period - Shot by Radek Faksa.
10:32 of 1st period - Stopped by Antti Raanta without a rebound.
10:33 of 1st period - Ryan Johansen wins face-off versus Theodor Blueger in CALGARY FIREMEN zone.
10:50 of 1st period - Shot by Brendan Gallagher.
10:50 of 1st period - Stopped by Jake Allen without a rebound.
10:51 of 1st period - Carl Soderberg wins face-off versus Frans Nielsen in BOISE CARIBOUS zone.
10:58 of 1st period - Frans Nielsen is hit by Lawson Crouse and loses puck.
11:31 of 1st period - Minor Penalty to Tom Wilson for Hooking.
11:32 of 1st period - Radek Faksa wins face-off versus Ryan Johansen in BOISE CARIBOUS zone.
12:17 of 1st period - Shot by Brendan Gallagher.
12:17 of 1st period - Goal by Brendan Gallagher - BOISE CARIBOUS : 0 - CALGARY FIREMEN : 1.
12:18 of 1st period - Adam Henrique wins face-off versus Theodor Blueger in neutral zone.
12:45 of 1st period - Shot by Adam Henrique.
12:45 of 1st period - Shot Misses the Net.
13:08 of 1st period - John Klingberg is hit by Viktor Arvidsson and loses puck.
13:15 of 1st period - Icing by Jake McCabe.
13:16 of 1st period - Radek Faksa wins face-off versus Adam Henrique in CALGARY FIREMEN zone.
13:21 of 1st period - Shot by Andre Burakovsky.
13:21 of 1st period - Stopped by Antti Raanta without a rebound.
13:22 of 1st period - Ivan Barbashev wins face-off versus Ryan Johansen in CALGARY FIREMEN zone.
13:46 of 1st period - Icing by Oskar Lindblom.
13:47 of 1st period - Ryan Johansen wins face-off versus Carl Soderberg in CALGARY FIREMEN zone.
13:47 of 1st period - Brendan Gallagher is hit by Lawson Crouse and loses puck.
14:00 of 1st period - John Klingberg is hit by Ryan Johansen and loses puck.
14:39 of 1st period - Shot by Sonny Milano.
14:39 of 1st period - Shot Misses the Net.
14:58 of 1st period - Frans Nielsen is hit by Matt Bartkowski and loses puck.
15:05 of 1st period - Shot by Frans Nielsen.
15:05 of 1st period - Shot Misses the Net.
16:34 of 1st period - Shot by Dominik Kubalik.
16:34 of 1st period - Shot Misses the Net.
16:44 of 1st period - Shot by Brent Seabrook.
16:44 of 1st period - Shot Misses the Net.
16:46 of 1st period - Shot by Brett Howden.
16:46 of 1st period - Shot Misses the Net.
16:48 of 1st period - Shot by Brett Howden.
16:48 of 1st period - Stopped by Jake Allen without a rebound.
16:49 of 1st period - Ryan Johansen wins face-off versus Mario Kempe in BOISE CARIBOUS zone.
17:02 of 1st period - Shot by Oskar Lindblom.
17:02 of 1st period - Shot Misses the Net.
17:15 of 1st period - Theodor Blueger is hit by Jake McCabe and loses puck.
17:30 of 1st period - Shot by Oskar Lindblom.
17:30 of 1st period - Stopped by Jake Allen without a rebound.
17:31 of 1st period - Frans Nielsen wins face-off versus Radek Faksa in BOISE CARIBOUS zone.
18:54 of 1st period - Shot by Filip Forsberg.
18:54 of 1st period - Stopped by Jake Allen without a rebound.
18:55 of 1st period - Carl Soderberg wins face-off versus Ryan Johansen in BOISE CARIBOUS zone.
19:38 of 1st period - Shot by Brendan Gallagher.
19:38 of 1st period - Stopped by Jake Allen without a rebound.
19:39 of 1st period - Brett Howden wins face-off versus Radek Faksa in BOISE CARIBOUS zone.
19:40 of 1st period - Shot by Sami Vatanen.
19:40 of 1st period - Stopped by Jake Allen with a rebound.
Goals for this period are 0 for BOISE CARIBOUS vs 1 for CALGARY FIREMEN.
Shots for this period are 5 for BOISE CARIBOUS vs 11 for CALGARY FIREMEN.

2nd period


0:01 of 2nd period - Oskar Sundqvist wins face-off versus Sonny Milano in neutral zone.
0:10 of 2nd period - Shot by Sonny Milano.
0:10 of 2nd period - Stopped by Jake Allen without a rebound.
0:11 of 2nd period - Ryan Johansen wins face-off versus Radek Faksa in BOISE CARIBOUS zone.
0:16 of 2nd period - Shot by Ryan Johansen.
0:16 of 2nd period - Goal by Ryan Johansen - BOISE CARIBOUS : 0 - CALGARY FIREMEN : 2.
0:17 of 2nd period - Ryan Johansen wins face-off versus Kyle Turris in neutral zone.
0:30 of 2nd period - Shot by Brendan Gallagher.
0:30 of 2nd period - Stopped by Jake Allen without a rebound.
0:31 of 2nd period - Frans Nielsen wins face-off versus Radek Faksa in BOISE CARIBOUS zone.
1:47 of 2nd period - Filip Forsberg is hit by Ethan Prow and loses puck.
2:30 of 2nd period - Off-side.
2:31 of 2nd period - Ryan Johansen wins face-off versus Kyle Turris in neutral zone.
2:55 of 2nd period - Icing by John Klingberg.
2:56 of 2nd period - Kyle Turris wins face-off versus Brett Howden in BOISE CARIBOUS zone.
3:43 of 2nd period - Shot by Carl Soderberg.
3:43 of 2nd period - Stopped by Antti Raanta without a rebound.
3:44 of 2nd period - Ryan Johansen wins face-off versus Theodor Blueger in CALGARY FIREMEN zone.
3:44 of 2nd period - Ryan Johansen is hit by Theodor Blueger.
3:49 of 2nd period - Icing by Brendan Gallagher.
3:50 of 2nd period - Ryan Johansen wins face-off versus Carl Soderberg in CALGARY FIREMEN zone.
3:50 of 2nd period - Minor Penalty to Tom Wilson for Hooking.
3:51 of 2nd period - Adam Henrique wins face-off versus Radek Faksa in BOISE CARIBOUS zone.
4:05 of 2nd period - Icing by Filip Forsberg.
4:06 of 2nd period - Adam Henrique wins face-off versus Radek Faksa in CALGARY FIREMEN zone.
4:15 of 2nd period - Shot by Filip Forsberg.
4:15 of 2nd period - Stopped by Jake Allen without a rebound.
4:16 of 2nd period - Theodor Blueger wins face-off versus Ryan Johansen in BOISE CARIBOUS zone.
5:55 of 2nd period - Shot by Tom Wilson.
5:55 of 2nd period - Shot Misses the Net.
5:57 of 2nd period - Shot by Carl Soderberg.
5:57 of 2nd period - Goal by Carl Soderberg - BOISE CARIBOUS : 1 - CALGARY FIREMEN : 2.
5:58 of 2nd period - Carl Soderberg wins face-off versus Brett Howden in neutral zone.
6:01 of 2nd period - Brent Seabrook is hit by Lawson Crouse.
6:31 of 2nd period - Shot by Lawson Crouse.
6:31 of 2nd period - Deflect By Tom Wilson.
6:31 of 2nd period - Stopped by Antti Raanta without a rebound.
6:32 of 2nd period - Oskar Sundqvist wins face-off versus Ryan Johansen in CALGARY FIREMEN zone.
6:41 of 2nd period - Shot by Dominik Kubalik.
6:41 of 2nd period - Shot Misses the Net.
6:49 of 2nd period - Shot by Kyle Turris.
6:49 of 2nd period - Deflect By Dominik Kubalik.
6:49 of 2nd period - Shot Misses the Net.
7:07 of 2nd period - Shot by Oskar Sundqvist.
7:07 of 2nd period - Shot Misses the Net.
7:13 of 2nd period - Shot by Dominik Kubalik.
7:13 of 2nd period - Stopped by Antti Raanta without a rebound.
7:14 of 2nd period - Adam Henrique wins face-off versus Carl Soderberg in CALGARY FIREMEN zone.
7:55 of 2nd period - Icing by Carl Soderberg.
7:56 of 2nd period - Frans Nielsen wins face-off versus Carl Soderberg in BOISE CARIBOUS zone.
8:20 of 2nd period - Shot by Frans Nielsen.
8:20 of 2nd period - Shot Misses the Net.
8:22 of 2nd period - Shot by Frans Nielsen.
8:22 of 2nd period - Stopped by Jake Allen without a rebound.
8:23 of 2nd period - Ryan Johansen wins face-off versus Radek Faksa in BOISE CARIBOUS zone.
8:28 of 2nd period - Shot by Oskar Lindblom.
8:28 of 2nd period - Shot Misses the Net.
8:55 of 2nd period - Shot by Andre Burakovsky.
8:55 of 2nd period - Shot Misses the Net.
8:59 of 2nd period - Shot by John Klingberg.
8:59 of 2nd period - Stopped by Antti Raanta with a rebound.
9:12 of 2nd period - Icing by Sami Vatanen.
9:13 of 2nd period - Ryan Johansen wins face-off versus Kyle Turris in CALGARY FIREMEN zone.
9:25 of 2nd period - Icing by Rasmus Andersson.
9:26 of 2nd period - Adam Henrique wins face-off versus Kyle Turris in BOISE CARIBOUS zone.
10:23 of 2nd period - Tom Wilson is hit by Markus Nutivaara and loses puck.
10:44 of 2nd period - Shot by Tom Wilson.
10:44 of 2nd period - Shot Misses the Net.
10:51 of 2nd period - Icing by Viktor Arvidsson.
10:52 of 2nd period - Radek Faksa wins face-off versus Adam Henrique in CALGARY FIREMEN zone.
10:55 of 2nd period - Shot by Andre Burakovsky.
10:55 of 2nd period - Stopped by Antti Raanta without a rebound.
10:56 of 2nd period - Radek Faksa wins face-off versus Frans Nielsen in CALGARY FIREMEN zone.
11:26 of 2nd period - Shot by Andre Burakovsky.
11:26 of 2nd period - Shot Misses the Net.
11:54 of 2nd period - Zack Smith is hit by Sami Vatanen and loses puck.
11:59 of 2nd period - Shot by Theodor Blueger.
11:59 of 2nd period - Shot Misses the Net.
12:01 of 2nd period - Shot by John Klingberg.
12:01 of 2nd period - Shot Misses the Net.
12:05 of 2nd period - Shot by Theodor Blueger.
12:05 of 2nd period - Stopped by Antti Raanta without a rebound.
12:06 of 2nd period - Oskar Sundqvist wins face-off versus Ryan Johansen in CALGARY FIREMEN zone.
12:09 of 2nd period - Shot by Dominik Kubalik.
12:09 of 2nd period - Shot Blocked by Brent Seabrook.
12:37 of 2nd period - Shot by Ryan Johansen.
12:37 of 2nd period - Goal by Ryan Johansen - BOISE CARIBOUS : 1 - CALGARY FIREMEN : 3.
12:38 of 2nd period - Carl Soderberg wins face-off versus Brett Howden in neutral zone.
12:47 of 2nd period - Shot by Carl Soderberg.
12:47 of 2nd period - Stopped by Antti Raanta without a rebound.
12:48 of 2nd period - Radek Faksa wins face-off versus Adam Henrique in CALGARY FIREMEN zone.
13:10 of 2nd period - Shot by Ivan Barbashev.
13:10 of 2nd period - Stopped by Antti Raanta without a rebound.
13:11 of 2nd period - Carl Soderberg wins face-off versus Ryan Johansen in CALGARY FIREMEN zone.
13:30 of 2nd period - Shot by Tom Wilson.
13:30 of 2nd period - Shot Misses the Net.
14:04 of 2nd period - Shot by Dominik Kubalik.
14:04 of 2nd period - Stopped by Antti Raanta with a rebound.
14:12 of 2nd period - Oskar Sundqvist is hit by Ryan Johansen and loses puck.
14:38 of 2nd period - Shot by Oskar Sundqvist.
14:38 of 2nd period - Stopped by Antti Raanta without a rebound.
14:39 of 2nd period - Filip Forsberg wins face-off versus Theodor Blueger in CALGARY FIREMEN zone.
15:00 of 2nd period - Shot by Viktor Arvidsson.
15:00 of 2nd period - Shot Misses the Net.
15:02 of 2nd period - Shot by Viktor Arvidsson.
15:02 of 2nd period - Stopped by Jake Allen without a rebound.
15:03 of 2nd period - Radek Faksa wins face-off versus Frans Nielsen in BOISE CARIBOUS zone.
15:18 of 2nd period - Shot by Andre Burakovsky.
15:18 of 2nd period - Stopped by Antti Raanta without a rebound.
15:19 of 2nd period - Adam Henrique wins face-off versus Carl Soderberg in CALGARY FIREMEN zone.
15:26 of 2nd period - Shot by Adam Henrique.
15:26 of 2nd period - Shot Misses the Net.
15:38 of 2nd period - Shot by Filip Forsberg.
15:38 of 2nd period - Stopped by Jake Allen without a rebound.
15:39 of 2nd period - Frans Nielsen wins face-off versus Radek Faksa in BOISE CARIBOUS zone.
16:29 of 2nd period - Off-side.
16:30 of 2nd period - Adam Henrique wins face-off versus Kyle Turris in neutral zone.
16:33 of 2nd period - Shot by Adam Henrique.
16:33 of 2nd period - Stopped by Jake Allen with a rebound.
16:47 of 2nd period - Shot by Adam Henrique.
16:47 of 2nd period - Stopped by Jake Allen with a rebound.
16:49 of 2nd period - Shot by Jake McCabe.
16:49 of 2nd period - Shot Blocked by Greg Pateryn.
16:51 of 2nd period - Shot by Jonathon Merrill.
16:51 of 2nd period - Shot Blocked by Brendan Smith.
16:53 of 2nd period - Shot by Filip Forsberg.
16:53 of 2nd period - Stopped by Jake Allen without a rebound.
16:54 of 2nd period - Ryan Johansen wins face-off versus Carl Soderberg in BOISE CARIBOUS zone.
17:08 of 2nd period - Shot by Carl Soderberg.
17:08 of 2nd period - Shot Hit the Post.
17:22 of 2nd period - Shot by Tom Wilson.
17:22 of 2nd period - Stopped by Antti Raanta without a rebound.
17:23 of 2nd period - Adam Henrique wins face-off versus Theodor Blueger in CALGARY FIREMEN zone.
17:40 of 2nd period - Off-side.
17:41 of 2nd period - Frans Nielsen wins face-off versus Kyle Turris in neutral zone.
18:02 of 2nd period - Shot by Frans Nielsen.
18:02 of 2nd period - Shot Blocked by Oskar Sundqvist.
18:04 of 2nd period - Shot by Darren Raddysh.
18:04 of 2nd period - Shot Misses the Net.
19:08 of 2nd period - Shot by Radek Faksa.
19:08 of 2nd period - Shot Misses the Net.
19:27 of 2nd period - Viktor Arvidsson is hit by Ethan Prow and loses puck.
19:33 of 2nd period - Viktor Arvidsson is hit by Ethan Prow.
19:53 of 2nd period - Shot by Adam Henrique.
19:53 of 2nd period - Shot Misses the Net.
19:55 of 2nd period - Shot by Adam Henrique.
19:55 of 2nd period - Shot Misses the Net.
19:57 of 2nd period - Shot by Jonathon Merrill.
19:57 of 2nd period - Stopped by Jake Allen without a rebound.
19:58 of 2nd period - Ryan Johansen wins face-off versus Theodor Blueger in BOISE CARIBOUS zone.
Goals for this period are 1 for BOISE CARIBOUS vs 2 for CALGARY FIREMEN.
Shots for this period are 13 for BOISE CARIBOUS vs 12 for CALGARY FIREMEN.

3rd period


0:01 of 3rd period - Ryan Johansen wins face-off versus Theodor Blueger in neutral zone.
0:24 of 3rd period - Shot by Zack Smith.
0:24 of 3rd period - Stopped by Antti Raanta without a rebound.
0:25 of 3rd period - Kyle Turris wins face-off versus Adam Henrique in CALGARY FIREMEN zone.
0:25 of 3rd period - Oskar Sundqvist is hit by Brent Seabrook and loses puck.
0:30 of 3rd period - Shot by Oskar Sundqvist.
0:30 of 3rd period - Shot Misses the Net.
0:41 of 3rd period - Oskar Sundqvist is hit by Darren Raddysh and loses puck.
0:54 of 3rd period - Dominik Kubalik is hit by Viktor Arvidsson and loses puck.
1:57 of 3rd period - Shot by Brendan Gallagher.
1:57 of 3rd period - Shot Misses the Net.
1:59 of 3rd period - Shot by Jake McCabe.
1:59 of 3rd period - Shot Misses the Net.
2:49 of 3rd period - Tom Wilson is hit by Markus Nutivaara.
3:22 of 3rd period - Minor Penalty to Zack Smith for Roughing.
3:23 of 3rd period - Radek Faksa wins face-off versus Adam Henrique in BOISE CARIBOUS zone.
4:14 of 3rd period - Icing by Jake McCabe.
4:15 of 3rd period - Theodor Blueger wins face-off versus Adam Henrique in CALGARY FIREMEN zone.
5:06 of 3rd period - Shot by Brendan Gallagher.
5:06 of 3rd period - Shot Misses the Net.
5:08 of 3rd period - Shot by Brendan Gallagher.
5:08 of 3rd period - Shot Blocked by Rasmus Andersson.
5:52 of 3rd period - Shot by Theodor Blueger.
5:52 of 3rd period - Stopped by Antti Raanta with a rebound.
6:00 of 3rd period - Frans Nielsen is hit by Zack Smith and loses puck.
6:22 of 3rd period - Shot by Carl Soderberg.
6:22 of 3rd period - Deflect By Tom Wilson.
6:22 of 3rd period - Stopped by Antti Raanta without a rebound.
6:23 of 3rd period - Ryan Johansen wins face-off versus Radek Faksa in CALGARY FIREMEN zone.
6:23 of 3rd period - Ryan Johansen is hit by Ivan Barbashev.
6:38 of 3rd period - Sami Vatanen is hit by Radek Faksa.
6:48 of 3rd period - Andre Burakovsky is hit by Brendan Gallagher and loses puck.
7:26 of 3rd period - Shot by Viktor Arvidsson.
7:26 of 3rd period - Shot Misses the Net.
7:28 of 3rd period - Shot by Filip Forsberg.
7:28 of 3rd period - Shot Misses the Net.
7:51 of 3rd period - Shot by Adam Henrique.
7:51 of 3rd period - Stopped by Jake Allen with a rebound.
7:53 of 3rd period - Shot by Adam Henrique.
7:53 of 3rd period - Stopped by Jake Allen without a rebound.
7:54 of 3rd period - Kyle Turris wins face-off versus Brett Howden in BOISE CARIBOUS zone.
8:01 of 3rd period - Icing by Brett Howden.
8:02 of 3rd period - Brett Howden wins face-off versus Kyle Turris in CALGARY FIREMEN zone.
8:07 of 3rd period - Shot by Oskar Sundqvist.
8:07 of 3rd period - Stopped by Antti Raanta without a rebound.
8:08 of 3rd period - Ryan Johansen wins face-off versus Kyle Turris in CALGARY FIREMEN zone.
8:21 of 3rd period - Ryan Johansen is hit by Oskar Sundqvist and loses puck.
9:38 of 3rd period - Shot by Andre Burakovsky.
9:38 of 3rd period - Stopped by Antti Raanta without a rebound.
9:39 of 3rd period - Frans Nielsen wins face-off versus Carl Soderberg in CALGARY FIREMEN zone.
9:39 of 3rd period - Jake McCabe is hit by Tom Wilson.
9:40 of 3rd period - Icing by Jake McCabe.
9:41 of 3rd period - Carl Soderberg wins face-off versus Frans Nielsen in CALGARY FIREMEN zone.
9:52 of 3rd period - Shot by Carl Soderberg.
9:52 of 3rd period - Stopped by Antti Raanta without a rebound.
9:53 of 3rd period - Radek Faksa wins face-off versus Filip Forsberg in CALGARY FIREMEN zone.
10:38 of 3rd period - Brendan Smith is hit by Adam Henrique and loses puck.
10:57 of 3rd period - Shot by Brendan Gallagher.
10:57 of 3rd period - Stopped by Jake Allen without a rebound.
10:58 of 3rd period - Oskar Sundqvist wins face-off versus Frans Nielsen in BOISE CARIBOUS zone.
11:02 of 3rd period - Icing by Kyle Turris.
11:03 of 3rd period - Ryan Johansen wins face-off versus Kyle Turris in BOISE CARIBOUS zone.
11:44 of 3rd period - Shot by Brendan Gallagher.
11:44 of 3rd period - Deflect By Ryan Johansen.
11:44 of 3rd period - Shot Misses the Net.
12:00 of 3rd period - Shot by Filip Forsberg.
12:00 of 3rd period - Shot Blocked by John Klingberg.
12:02 of 3rd period - Shot by Adam Henrique.
12:02 of 3rd period - Stopped by Jake Allen without a rebound.
12:03 of 3rd period - Carl Soderberg wins face-off versus Frans Nielsen in BOISE CARIBOUS zone.
12:22 of 3rd period - Jake McCabe is hit by Lawson Crouse and loses puck.
12:36 of 3rd period - Icing by Rasmus Andersson.
12:37 of 3rd period - Adam Henrique wins face-off versus Carl Soderberg in BOISE CARIBOUS zone.
12:53 of 3rd period - Off-side.
12:54 of 3rd period - Brett Howden wins face-off versus Theodor Blueger in neutral zone.
13:05 of 3rd period - Shot by Sami Vatanen.
13:05 of 3rd period - Stopped by Jake Allen with a rebound.
13:43 of 3rd period - Jonathon Merrill is hit by Zack Smith and loses puck.
14:18 of 3rd period - Oskar Sundqvist is hit by Markus Nutivaara.
14:42 of 3rd period - Shot by Viktor Arvidsson.
14:42 of 3rd period - Shot Blocked by John Klingberg.
15:20 of 3rd period - Shot by Carl Soderberg.
15:20 of 3rd period - Stopped by Antti Raanta without a rebound.
15:21 of 3rd period - Ryan Johansen wins face-off versus Radek Faksa in CALGARY FIREMEN zone.
15:49 of 3rd period - Brendan Gallagher is hit by Greg Pateryn and loses puck.
16:34 of 3rd period - Tom Wilson is hit by Filip Forsberg and loses puck.
18:18 of 3rd period - Shot by Oskar Sundqvist.
18:18 of 3rd period - Stopped by Antti Raanta with a rebound.
18:20 of 3rd period - Shot by Dominik Kubalik.
18:20 of 3rd period - Stopped by Antti Raanta without a rebound.
18:21 of 3rd period - Ryan Johansen wins face-off versus Radek Faksa in CALGARY FIREMEN zone.
18:51 of 3rd period - Shot by Andre Burakovsky.
18:51 of 3rd period - Goal by Andre Burakovsky - BOISE CARIBOUS : 2 - CALGARY FIREMEN : 3.
18:52 of 3rd period - Carl Soderberg wins face-off versus Adam Henrique in neutral zone.
18:55 of 3rd period - BOISE CARIBOUS, Jake Allen is pulled from the net.
18:55 of 3rd period - Shot by Tom Wilson.
18:55 of 3rd period - Stopped by Antti Raanta without a rebound.
18:56 of 3rd period - Adam Henrique wins face-off versus Kyle Turris in CALGARY FIREMEN zone.
19:14 of 3rd period - Shot by Kyle Turris.
19:14 of 3rd period - Stopped by Antti Raanta with a rebound.
19:16 of 3rd period - Shot by Greg Pateryn.
19:16 of 3rd period - Shot Blocked by Brent Seabrook.
19:18 of 3rd period - Shot by Brendan Smith.
19:18 of 3rd period - Stopped by Antti Raanta without a rebound.
19:19 of 3rd period - Radek Faksa wins face-off versus Adam Henrique in CALGARY FIREMEN zone.
19:24 of 3rd period - Shot by Andre Burakovsky.
19:24 of 3rd period - Shot Blocked by Jonathon Merrill.
19:32 of 3rd period - Shot by Tom Wilson.
19:32 of 3rd period - Stopped by Antti Raanta without a rebound.
19:33 of 3rd period - Adam Henrique wins face-off versus Radek Faksa in CALGARY FIREMEN zone.
19:38 of 3rd period - Shot by Adam Henrique.
19:38 of 3rd period - Shot Misses the Net.
19:44 of 3rd period - Brendan Gallagher is hit by Tom Wilson and loses puck.
Goals for this period are 1 for BOISE CARIBOUS vs 0 for CALGARY FIREMEN.
Shots for this period are 14 for BOISE CARIBOUS vs 5 for CALGARY FIREMEN.


SEBASTIAN
AHO
MARK
SCHEIFELE
JAKE
OETTINGER

EAST COAST

HOCKEY LEAGUE

  • 17.QUE3CHI2
  • 18.CHA2LIM4
  • 19.TRV3LON2
  • 20.CHW1BAL2
  • 21.PITMAN
  • 22.ATLNHW
  • 23.WORPET
  • 24.RHI